 Dungeon Crawl Stone Soup version 0.27-a0-1140-g099f9bb0e8 (webtiles) character file.

Game seed: 18121140566216384257

91 HoaS the Bolt Thrower (level 4, 0/26 HPs)
             Began as a Kobold Hunter on May 9, 2021.
             Slain by Purgy (2 damage)
             ... on level 3 of the Dungeon.
             The game lasted 00:04:52 (2647 turns).

HoaS the Bolt Thrower (Kobold Hunter)               Turns: 2647, Time: 00:04:52

Health: 0/26       AC:  5    Str: 10    XL:     4   Next: 88%
Magic:  4/4        EV: 15    Int: 12    God:
Gold:   95         SH:  0    Dex: 21    Spells: 3/3 levels left

rFire    . . .     SeeInvis .   g - +0 rapier
rCold    . . .     Faith    .   (shield restricted)
rNeg     . . .     Spirit   .   c - +1 leather armour
rPois    .         Reflect  .   (no helmet)
rElec    .         Harm     .   (no cloak)
rCorr    .         Rampage  .   f - +0 pair of gloves
Will     .....                  (no boots)
Stlth    +++.......             (no amulet)
HPRegen  0.08/turn              i - +6 ring of dexterity
MPRegen  0.09/turn              (no ring)

@: no status effects
A: small, no large weapons, nightstalker 3
a: no special abilities


You were on level 3 of the Dungeon.
You visited 1 branch of the dungeon, and saw 3 of its levels.

You collected 95 gold pieces.

Inventory:

Hand Weapons
 a - a +1 hand crossbow
 g - a +0 rapier (weapon)
Missiles
 d - 40 bolts
Armour
 c - a +1 leather armour (worn)
 f - a +0 pair of gloves (worn)
Jewellery
 i - a +6 ring of dexterity (left hand)
Scrolls
 k - a scroll of identify
Potions
 b - a potion of mutation
 e - a potion of might {unknown}
 h - a potion of brilliance {unknown}
 j - a potion of cancellation {unknown}


   Skills:
 - Level 2.1 Fighting
 + Level 3.6 Short Blades
 + Level 6.0 Crossbows
 - Level 2.4 Dodging
 - Level 1.3 Stealth


You had 3 spell levels left.
You didn't know any spells.
Your spell library was empty.

Dungeon Overview and Level Annotations

Branches:
Dungeon (3/15)

Altars:

Annotations:
D:3 Purgy


Innate Abilities, Weirdness & Mutations

You are small and have problems with some larger weapons.
You are completely attuned to the shadows.


Message History

Purgy is moderately wounded.
g - a +0 rapier (weapon)
Purgy bites you but does no damage. Purgy claws you but does no damage. x2
You hit Purgy.
Purgy is heavily wounded.
Purgy bites you. Purgy closely misses you. Purgy claws you but does no damage.
You hit Purgy.
Purgy is heavily wounded.
Purgy closely misses you. Purgy completely misses you. Purgy claws you.
You barely miss Purgy.
Purgy is heavily wounded.
Purgy bites you but does no damage. Purgy claws you but does no damage.
Purgy claws you.
You closely miss Purgy.
Purgy is heavily wounded.
Purgy bites you but does no damage. Purgy claws you. Purgy barely misses you.
You hit Purgy.
Purgy is heavily wounded.
Purgy bites you! Purgy claws you. Purgy closely misses you.
You hit Purgy but do no damage.
Purgy is heavily wounded.
Purgy closely misses you. Purgy misses you. Purgy claws you.
You hit Purgy.
Purgy is heavily wounded.
Purgy barely misses you. Purgy completely misses you. Purgy barely misses you.
You hit Purgy.
Purgy is heavily wounded.
Purgy bites you.
* * * LOW HITPOINT WARNING * * *
Purgy claws you.
* * * LOW HITPOINT WARNING * * *
Purgy claws you but does no damage.
You hit Purgy.
Purgy is severely wounded.
Purgy barely misses you. Purgy closely misses you. Purgy claws you.
* * * LOW HITPOINT WARNING * * *
You barely miss Purgy.
Purgy is severely wounded.
Purgy barely misses you. Purgy claws you.
You die...

(..# #....#.#....##..#.###.#.#..
#.##########.#.##.....#.....#.#.#
....... .....#.##.###.#.........#
.#.#### ####.#.# ###.#....##.#.#
....# #.#.# #...#.#####.###
)##.## #...# #.#.#....##.# ...†.#
#†######.#.####.##.# ..#..## #.#
#....######.##.# ..#...#
#.###@#####.....##.# .<#.#.##
#....T# #........# .##.#..#
#.####(..##.....#### .....#.#
#.####...######## ######.#
#....+...# #<# ......##
#.####...# #.# #####..# #.#
#...####.# #..## #.# #.....†..#
#...# #.# ##########


You could see Purgy.

Vanquished Creatures
  2 adders (D:3)
  4 worms
  A dart slug (D:1)
  An orc (D:3)
  6 ball pythons
  4 endoplasms
  3 giant cockroaches
  A hobgoblin (D:1)
  9 jackals
  4 quokkas
  5 bats
  4 frilled lizards
  3 goblins (D:1)
  5 kobolds (D:1)
  6 rats
58 creatures vanquished.

Notes
Turn   | Place    | Note
-------+----------+-------------------------------------------
     0 | D:1      | HoaS the Kobold Hunter began the quest for the Orb.
     0 | D:1      | Reached XP level 1. HP: 12/12 MP: 1/1
   105 | D:1      | Reached skill level 1 in Short Blades
   105 | D:1      | Reached skill level 5 in Crossbows
   145 | D:1      | Reached XP level 2. HP: 6/17 MP: 2/2
   770 | D:1      | Reached XP level 3. HP: 8/21 MP: 3/3
  1494 | D:2      | Found a faded altar of an unknown god.
  2102 | D:3      | Noticed Purgy
  2110 | D:3      | Reached XP level 4. HP: 24/26 MP: 4/4
  2305 | D:3      | Reached skill level 6 in Crossbows
  2647 | D:3      | Slain by Purgy

Illustrated notes

Levels and vault maps discovered:
D:1:      psy_arrival_spokes, layout_rooms, grunt_decor_mini_mirrors
D:2:      layout_basic, shapermc_ecumenical_altar_gd, minivault_24
D:3:      layout_basic, uniq_purgy

Skill      XL: |  1  2  3  4 |
---------------+-------------+-----
Short Blades   | 1 2 3 |  3.6
Crossbows      | 5 6 |  6.0
Fighting       | |  2.1
Dodging        | |  2.4
Stealth        | |  1.3

Action                   |  1- 3 |  4- 6 || total
-------------------------+-------+-------++-------
Melee: Short sword       |    49 |       ||    49
       Rapier            |    64 |    71 ||   135
 Fire: Hand crossbow     |       |     2 ||     2
  Use: Scroll            |     4 |       ||     4
 Stab: Sleeping          |    15 |     8 ||    23
Armor: Leather armour    |    13 |    22 ||    35
Dodge: Dodged            |    68 |    47 ||   115

Table legend: (Time is in decaauts)
 A = Elapsed time spent in this place.
 B = Non-inter-level travel time spent in this place.
 C = Inter-level travel time spent in this place.
 D = Time resting spent in this place.
 E = Time spent auto-exploring this place.
 F = Levels seen in this place.
 G = Mean time per level.
                   A        B        C        D        E       F      G
               +--------+--------+--------+--------+--------+-----+--------+
         Total |   2656 |   2550 |    106 |   1079 |   1078 |   3 |  885.3 |
       Dungeon |   2656 |   2550 |    106 |   1079 |   1078 |   3 |  885.3 |
               +--------+--------+--------+--------+--------+-----+--------+

Top non-repeatable levels by time:
     D:1: 1202 daAuts
     D:2: 955 daAuts
     D:3: 498 daAuts
